[Event "ICCopen2017"]
[Site "Internet Chess Club"]
[Date "2017.03.26"]
[Round "8"]
[White "DGurevich"]
[Black "nurmi"]
[Result "0-1"]
[ICCResult "White forfeits on time"]
[WhiteElo "2527"]
[BlackElo "2386"]
[Opening "Queen's gambit accepted"]
[ECO "D20"]
[NIC "QG.03"]
[Time "20:28:43"]
[TimeControl "180+0"]

1. d4 d5 2. c4 dxc4 3. e3 c5 4. Bxc4 cxd4 5. exd4 Qc7 6. Bb3 Bg4 7. f3 Bf5
8. Nc3 Nf6 9. Nge2 e6 10. O-O Be7 11. Bf4 Qb6 12. Kh1 Nbd7 13. Ng3 Bg6 14.
d5 e5 15. Bg5 O-O 16. Qd2 Rfd8 17. Rad1 Nc5 18. Bc4 Rac8 19. b3 h6 20. Be3
Qa5 21. Nce4 Qxd2 22. Nxf6+ Bxf6 23. Rxd2 a6 24. Rfd1 b5 25. Be2 Bh4 26. Kg1
Kf8 27. d6 Nd7 28. Ne4 Bxe4 29. fxe4 Bg5 30. Bxg5 hxg5 31. Bg4 Rc6 32. Bxd7
Rxd7 33. Rd5 f6 34. R1d2 Kf7 35. a4 bxa4 36. bxa4 Ke6 37. Ra5 Rdxd6 38. Rb2
Rd4 39. Rb7 Rxe4 40. Ra7 Re2 41. R7xa6 Rxa6 42. Rxa6+ Kf5 43. Ra7 g6 44. Kf1
Ra2 45. Ra6 g4 46. a5 Kg5 47. Ra8 f5 48. a6 Kf4 49. a7 e4 50. Kg1 e3 51. Kf1
g5 52. Ke1 g3 53. hxg3+ Kxg3 54. Rg8 Rxa7 55. Rxg5+ Kf4 56. Rg7 Ra1+ 57. Ke2
Ra2+ 58. Kd3 Rd2+ 59. Kc3 Rd5 60. Re7 Kg3 61. Rxe3+ Kxg2 62. Re6 f4 63. Kc4
Rd8 {White forfeits on time} 0-1

[Event "ICCopen2017"]
[Site "Internet Chess Club"]
[Date "2017.03.26"]
[Round "8"]
[White "GreyWarden"]
[Black "vishweshk"]
[Result "1-0"]
[ICCResult "Black checkmated"]
[WhiteElo "1994"]
[BlackElo "1823"]
[Opening "French: Steinitz, Boleslavsky variation"]
[ECO "C11"]
[NIC "FR.04"]
[Time "20:30:00"]
[TimeControl "180+0"]

1. e4 e6 2. d4 d5 3. Nc3 Nf6 4. e5 Nfd7 5. f4 c5 6. Nf3 Nc6 7. Be3 Qb6 8. a3
cxd4 9. Nxd4 Nxd4 10. Bxd4 Qc7 11. Bd3 Be7 12. O-O a6 13. Qg4 g6 14. b4 b5
15. Ne2 Bb7 16. c3 Nb6 17. Qf3 Nc4 18. Qf2 Kd7 19. a4 Bc6 20. Ra2 h5 21.
axb5 Bxb5 22. Rfa1 h4 23. h3 Rag8 24. Bc5 Bxc5 25. bxc5 Ke7 26. Nd4 Kf8 27.
Nxb5 axb5 28. Ra7 Qc6 29. R1a6 Qe8 30. Ra8 Kg7 31. Rxe8 Rxe8 32. c6 Ra8 33.
Rxa8 Rxa8 34. Bxc4 bxc4 35. Qc5 Ra1+ 36. Kh2 g5 37. fxg5 f5 38. exf6+ Kg6
39. c7 d4 40. c8=Q dxc3 41. Qg8+ Kh5 42. Qh7# {Black checkmated} 1-0

[Event "ICCopen2017"]
[Site "Internet Chess Club"]
[Date "2017.03.26"]
[Round "8"]
[White "jncool68"]
[Black "BlueGreen"]
[Result "1-0"]
[ICCResult "Black checkmated"]
[WhiteElo "2843"]
[BlackElo "2738"]
[Opening "Queen's pawn: Torre attack"]
[ECO "A46"]
[NIC "QP.04"]
[Time "20:28:49"]
[TimeControl "180+0"]

1. d4 Nf6 2. Nf3 e6 3. Bg5 c5 4. e3 d5 5. Nbd2 Nc6 6. c3 Bd6 7. Bd3 b6 8.
Qe2 cxd4 9. exd4 h6 10. Bh4 Bd7 11. Ne5 Qc7 12. Bg3 Bxe5 13. dxe5 Ng8 14.
O-O Nge7 15. f4 Nf5 16. Bf2 h5 17. Nf3 Nce7 18. a4 Bc6 19. Nd4 Bd7 20. Nb5
Qc6 21. Nd4 Qc7 22. g3 Nxd4 23. Bxd4 Nf5 24. Bf2 a5 25. Rfd1 g6 26. h3 Bc6
27. Kh2 Kf8 28. Bd4 Rb8 29. Kg2 Qe7 30. Rh1 Rg8 31. g4 Nh4+ 32. Kf2 g5 33.
f5 exf5 34. gxf5 g4 35. hxg4 Rxg4 36. Qxg4 hxg4 37. f6 Qb7 38. Rxh4 Ke8 39.
Bf5 Kd8 40. e6 Be8 41. e7+ Kc7 42. Be5+ Kc6 43. c4 Kc5 44. Rc1 d4 45. Rxg4
Kb4 46. Rxd4 Kxa4 47. c5+ Kb3 48. Rc3+ Kxb2 49. Rd2+ Ka1 50. Rc1#
{Black checkmated}
1-0

[Event "ICCopen2017"]
[Site "Internet Chess Club"]
[Date "2017.03.26"]
[Round "8"]
[White "MoonlightWizard"]
[Black "Filiron"]
[Result "0-1"]
[ICCResult "White resigns"]
[WhiteElo "2775"]
[BlackElo "2322"]
[Opening "Ruy Lopez: open Berlin defense, l'Hermet variation"]
[ECO "C67"]
[NIC "RL.07"]
[Time "20:29:51"]
[TimeControl "180+0"]

1. e4 e5 2. Nf3 Nc6 3. Bb5 Nf6 4. O-O Nxe4 5. d4 Nd6 6. dxe5 Nxb5 7. a4 Nbd4
8. Nxd4 d5 9. Nxc6 bxc6 10. c3 Be7 11. f4 Bf5 12. Be3 O-O 13. Nd2 c5 14. Nb3
c4 15. Nd4 Bd3 16. Rf2 Qd7 17. Nf3 c5 18. Ne1 Be4 19. Rd2 Rab8 20. Qe2 Qc6
21. Qf2 f6 22. exf6 Rxf6 23. Nf3 Bd6 24. Qg3 Rg6 25. Qh3 d4 26. f5 Bxf5 27.
Qxf5 Rf8 28. Qxg6 hxg6 29. cxd4 cxd4 30. Bxd4 Bc5 31. Rad1 Bxd4+ 32. Rxd4
Qxa4 33. h4 Qc2 34. R4d2 Qe4 35. Re1 Qf4 36. Rd4 Qc7 37. Rc1 Rxf3 38. Rcxc4
Qg3 39. Rd8+ Kh7 40. Rcc8 Qf2+ 41. Kh2 Qxh4+ 42. Kg1 Qe1+ 43. Kh2 Qe5+ 44.
Kg1 Qe3+ 45. Kh2 Qf4+ {White resigns} 0-1

[Event "ICCopen2017"]
[Site "Internet Chess Club"]
[Date "2017.03.26"]
[Round "8"]
[White "charlestehace"]
[Black "DreadHead"]
[Result "1-0"]
[ICCResult "Black resigns"]
[WhiteElo "2890"]
[BlackElo "2429"]
[Opening "Robatsch (modern) defense"]
[ECO "B06"]
[NIC "KF.05"]
[Time "20:29:46"]
[TimeControl "180+0"]

1. e4 g6 2. d4 Bg7 3. c3 d6 4. Bd3 Nf6 5. f4 O-O 6. Nf3 Bg4 7. h3 Bxf3 8.
Qxf3 e5 9. dxe5 dxe5 10. O-O exf4 11. Bxf4 c6 12. Kh1 Qb6 13. Nd2 Nbd7 14.
Nc4 Qd8 15. Bd6 Re8 16. e5 Nd5 17. Qxf7+ Kh8 18. e6 N7b6 19. Be5 Bxe5 20.
Nxe5 Re7 21. Bxg6 Qg8 22. Qxg8+ Kxg8 23. Bf7+ Kg7 24. Rf3 Nc7 25. Rg3+ Kh8
26. Rf1 Rf8 27. Rf6 Nbd5 28. Rh6 Nf4 29. Rg4 Ncxe6 30. Bxe6 Rxe6 31. Rxf4
{Black resigns}
1-0

[Event "ICCopen2017"]
[Site "Internet Chess Club"]
[Date "2017.03.26"]
[Round "8"]
[White "Incognito"]
[Black "ComeonJimtal"]
[Result "1-0"]
[ICCResult "Black forfeits on time"]
[WhiteElo "1543"]
[BlackElo "1743"]
[Opening "Scandinavian (center counter) defense"]
[ECO "B01"]
[NIC "VO.17"]
[Time "20:28:41"]
[TimeControl "180+0"]

1. e4 d5 2. exd5 c6 3. dxc6 e5 4. g3 Bc5 5. Bg2 Qb6 6. Qe2 Nxc6 7. Nf3 Bg4
8. c3 O-O-O 9. h3 e4 10. hxg4 exf3 11. Qxf3 Re8+ 12. Kd1 Bxf2 13. d4 Nf6 14.
Qxf2 Nxg4 15. Qf5+ Kb8 16. Qxg4 f5 17. Qf4+ Ka8 18. Na3 g5 19. Qxg5 Qa6 20.
Bf1 Qa5 21. Kc2 Rc8 22. Kb1 Qd5 23. Rh4 Qf3 24. Qf4 Qd1 25. Nc2 Rhe8 26.
Rxh7 Red8 27. a4 Na5 28. Bg2 Qe2 29. Qf3 Qa6 30. b4 Nc6 31. b5 Qb6 32. Nb4
Na5 33. Ra3 Rxd4 34. cxd4 Qxd4 35. Qxb7+ {Black forfeits on time} 1-0

[Event "ICCopen2017"]
[Site "Internet Chess Club"]
[Date "2017.03.26"]
[Round "8"]
[White "Heinichess"]
[Black "Wilsonpalencia"]
[Result "0-1"]
[ICCResult "White checkmated"]
[WhiteElo "1891"]
[BlackElo "2516"]
[Opening "Dutch"]
[ECO "A80"]
[NIC "HD.12"]
[Time "20:29:03"]
[TimeControl "180+0"]

1. d4 f5 2. Nc3 Nf6 3. Bg5 Nc6 4. Bxf6 exf6 5. e4 fxe4 6. d5 Ne5 7. Nxe4 d6
8. f4 Nf7 9. Bd3 Be7 10. Nf3 Bg4 11. h3 Bxf3 12. Qxf3 Qd7 13. g4 O-O-O 14.
Nxf6 Qa4 15. Ne4 Qb4+ 16. Kf2 Bh4+ 17. Kg2 Rhf8 18. g5 Kb8 19. Qg4 Bxg5 20.
Nxg5 Qd2+ 21. Qe2 Qxf4 22. Ne6 Qh4 23. Qg4 Qh6 24. Nxd8 Ne5 25. Qg3 Qd2+ 26.
Kg1 Nf3+ 27. Kf1 Qe3 28. Qf2 Nd2+ 29. Kg1 Qxf2# {White checkmated} 0-1

[Event "ICCopen2017"]
[Site "Internet Chess Club"]
[Date "2017.03.26"]
[Round "8"]
[White "Kjaan1974"]
[Black "oli2"]
[Result "0-1"]
[ICCResult "White resigns"]
[WhiteElo "1477"]
[BlackElo "1680"]
[Opening "Sicilian defense"]
[ECO "B40"]
[NIC "SI.43"]
[Time "20:29:27"]
[TimeControl "180+0"]

1. e4 c5 2. Nf3 e6 3. Nc3 Nc6 4. h3 g6 5. d3 Bg7 6. Bd2 Nge7 7. Be2 d6 8.
Nh2 h6 9. f4 f5 10. O-O O-O 11. Be3 Nd4 12. Bxd4 Bxd4+ 13. Kh1 Bd7 14. a3
Bc6 15. Rb1 Qd7 16. Bf3 Rae8 17. Ne2 Bg7 18. Ng3 e5 19. fxe5 Bxe5 20. Ne2 f4
21. Ng4 Bg7 22. c3 g5 23. d4 cxd4 24. cxd4 d5 25. e5 Nf5 26. Qd3 Bb5 27. Qd2
Bxe2 28. Qxe2 Ng3+ 29. Kh2 Nxe2 30. Bxe2 h5 31. Nf2 f3 32. Bxf3 Rxf3 33.
gxf3 Qf5 34. Nh1 Qf4+ 35. Kg2 Qxd4 36. Ng3 h4 37. Nf5 Qxe5 38. Nxg7 Qg3+ 39.
Kh1 Re2 {White resigns} 0-1

[Event "ICCopen2017"]
[Site "Internet Chess Club"]
[Date "2017.03.26"]
[Round "8"]
[White "Mercury"]
[Black "Seraphim"]
[Result "1-0"]
[ICCResult "Black checkmated"]
[WhiteElo "2192"]
[BlackElo "1867"]
[Opening "Sicilian: Prins (Moscow) variation"]
[ECO "B55"]
[NIC "SI.01"]
[Time "20:28:42"]
[TimeControl "180+0"]

1. e4 c5 2. Nf3 d6 3. d4 cxd4 4. Nxd4 Nf6 5. f3 a6 6. c4 e6 7. Nc3 Be7 8.
Be3 O-O 9. Nc2 Nbd7 10. Qd2 b6 11. Be2 Qc7 12. O-O Bb7 13. Rac1 Rfd8 14. Nd4
Bf8 15. Rfd1 Rac8 16. b4 Ne5 17. Na4 Ba8 18. Nb3 Qb7 19. Nxb6 Nxe4 20. fxe4
Qxe4 21. Nxa8 Rxa8 22. Qd4 Qg6 23. Kh1 Be7 24. Qf4 h6 25. c5 Bg5 26. Qg3
Bxe3 27. Qxe3 Rab8 28. Rxd6 Rxd6 29. cxd6 Nd7 30. Nc5 Nb6 31. d7 Qf6 32. Rd1
Nd5 33. Qg3 Rxb4 34. Qd6 Qd8 35. Nxe6 fxe6 36. Qxe6+ Kh8 37. Qxd5 Rb8 38.
Bd3 a5 39. Qf5 Qf8 40. Qh7# {Black checkmated} 1-0

[Event "ICCopen2017"]
[Site "Internet Chess Club"]
[Date "2017.03.26"]
[Round "8"]
[White "DropZone"]
[Black "FytinFrank"]
[Result "1-0"]
[ICCResult "Black forfeits on time"]
[WhiteElo "2105"]
[BlackElo "1956"]
[Opening "Queen's pawn"]
[ECO "A40"]
[NIC "QO.17"]
[Time "20:29:04"]
[TimeControl "180+0"]

1. d4 c6 2. Nf3 f5 3. Bf4 Nf6 4. e3 e6 5. h3 d5 6. c4 Bd6 7. Bxd6 Qxd6 8.
Nc3 O-O 9. Bd3 Nbd7 10. Qb3 Ne4 11. cxd5 cxd5 12. Rc1 b6 13. Nb5 Qe7 14. Rc7
a6 15. Na3 Qd6 16. Qc2 Ndc5 17. Bxe4 fxe4 18. Rxg7+ Kxg7 19. dxc5 bxc5 20.
Nh2 e5 21. O-O Bf5 22. Rc1 Rac8 23. Qa4 d4 24. Nc4 Qe6 25. Nf1 Bg6 26. Ng3
Be8 27. Qa5 Bb5 28. Nxe4 Bxc4 29. Rxc4 Qxc4 30. exd4 Qc1+ 31. Kh2 Qf4+ 32.
Ng3 cxd4 33. Qb6 d3 34. Qb7+ Kh8 35. Qb3 d2 36. Qd1 Rc1 37. Qh5 d1=Q 38.
Qxh7+ {Black forfeits on time} 1-0

[Event "ICCopen2017"]
[Site "Internet Chess Club"]
[Date "2017.03.26"]
[Round "8"]
[White "rotyi59"]
[Black "wmanthony"]
[Result "1-0"]
[ICCResult "Black forfeits on time"]
[WhiteElo "1543"]
[BlackElo "1332"]
[Opening "Philidor: exchange variation"]
[ECO "C41"]
[NIC "KP.08"]
[Time "20:29:20"]
[TimeControl "180+0"]

1. e4 e5 2. Nf3 d6 3. d4 exd4 4. Qxd4 Nc6 5. Bb5 Bd7 6. Bxc6 Bxc6 7. Nc3 Nf6
8. Bg5 Be7 9. O-O-O O-O 10. h4 Ng4 11. Bxe7 Qxe7 12. h5 h6 13. Rhg1 Rfe8 14.
Rde1 Ne5 15. Nxe5 Qxe5 16. Qxe5 Rxe5 17. g4 Rae8 18. f4 R5e7 19. g5 hxg5 20.
Rxg5 Bxe4 21. h6 g6 22. Reg1 Kh7 23. Kd2 Bf5 24. a3 c6 25. R5g3 d5 26. Rh1
b6 27. Rh2 a6 28. b4 a5 29. b5 cxb5 30. Nxb5 Rd7 31. Nd4 Be4 32. c3 f5 33.
Re3 Rc8 34. Re1 Rdc7 35. Rc1 Rc5 36. Rh3 b5 37. Ne6 Rc4 38. Ng5+
{Black forfeits on time}
1-0

[Event "ICCopen2017"]
[Site "Internet Chess Club"]
[Date "2017.03.26"]
[Round "8"]
[White "playwaycool"]
[Black "Brothersinarms"]
[Result "1-0"]
[ICCResult "Black resigns"]
[WhiteElo "2201"]
[BlackElo "1865"]
[Opening "Queen's pawn: Charlick (Englund) gambit"]
[ECO "A40"]
[NIC "QO.17"]
[Time "20:29:26"]
[TimeControl "180+0"]

1. d4 e5 2. dxe5 d6 3. exd6 Bxd6 4. Nd2 Qe7 5. Ngf3 Nc6 6. e3 Nf6 7. h3 Bf5
8. Bd3 Bxd3 9. cxd3 O-O-O 10. O-O g5 11. Qa4 g4 12. hxg4 Rhg8 13. g5 Nd5 14.
Qg4+ Kb8 15. Nc4 Ne5 16. Nfxe5 Bxe5 17. f4 Bh8 18. Qf3 h6 19. e4 Nb4 20. Rd1
hxg5 21. fxg5 Nc2 22. Rb1 Nd4 23. Qf2 b5 24. Na5 Rd6 25. Be3 Ne6 26. Rbc1
Nxg5 27. Bxg5 Rxg5 28. Nc6+ Rxc6 29. Rxc6 Qd7 30. Rf6 Qg4 31. Rd2 Bxf6 32.
Qxf6 Rc5 33. Rf2 Rc1+ 34. Rf1 Rxf1+ 35. Qxf1 Qg3 36. Qe2 c5 37. d4 cxd4 38.
Qxb5+ Kc7 39. Qc5+ Kb7 40. Qd5+ Kc7 41. Qxf7+ Kb6 42. Qb3+ Kc5 43. Qxg3
{Black resigns}
1-0

[Event "ICCopen2017"]
[Site "Internet Chess Club"]
[Date "2017.03.26"]
[Round "8"]
[White "Clownfish"]
[Black "Darnoc"]
[Result "0-1"]
[ICCResult "White resigns"]
[WhiteElo "2626"]
[BlackElo "2906"]
[Opening "French: exchange variation"]
[ECO "C01"]
[NIC "FR.01"]
[Time "20:29:16"]
[TimeControl "180+0"]

1. e4 e6 2. d4 d5 3. exd5 exd5 4. Bd3 Nc6 5. c3 Bd6 6. Qe2+ Nge7 7. Nf3 O-O
8. O-O Ng6 9. Re1 Bd7 10. Bxg6 hxg6 11. Bg5 f6 12. Bh4 Re8 13. Qd1 Rxe1+ 14.
Qxe1 Bg4 15. Nbd2 Qd7 16. Qf1 Bf8 17. Bg3 Ne7 18. h3 Be6 19. Re1 Nf5 20. Bh2
Bf7 21. Qd3 Nd6 22. Re3 Qa4 23. Qb1 Rd8 24. Re1 Re8 25. Rxe8 Qxe8 26. Qe1
Qb5 27. b3 Qa5 28. Qa1 Nb5 29. b4 Qa3 30. Nb3 b6 31. Ne1 a5 32. Nc2 Qa4 33.
bxa5 bxa5 34. Qb2 Qc4 35. Ne3 Qxc3 36. Qxc3 Nxc3 37. Bxc7 a4 38. Nc1 Ba3 39.
Ba5 Nb5 40. Ne2 Bb2 41. Nc2 g5 42. Kf1 Bg6 43. Ke1 Bxc2 44. Kd2 Bb1 45. Bd8
Bxa2 46. Ng3 Bb3 47. Nf5 a3 48. Ne7+ Kh7 49. Nxd5 Bxd5 50. Bxf6 gxf6
{White resigns}
0-1

[Event "ICCopen2017"]
[Site "Internet Chess Club"]
[Date "2017.03.26"]
[Round "8"]
[White "tolialuisan"]
[Black "OverSoul"]
[Result "1-0"]
[ICCResult "Black forfeits on time"]
[WhiteElo "1511"]
[BlackElo "1297"]
[Opening "Sicilian defense"]
[ECO "B40"]
[NIC "FR.01"]
[Time "20:28:43"]
[TimeControl "180+0"]

1. e4 e6 2. Nf3 c5 3. e5 Nc6 4. d4 Qc7 5. c3 cxd4 6. cxd4 Bb4+ 7. Nc3 Nge7
8. Bd3 Nd5 9. Bd2 Na5 10. Rc1 Nxc3 11. bxc3 Ba3 12. Rb1 Be7 13. O-O a6 14.
Re1 b5 15. Ng5 h6 16. Ne4 Bb7 17. Qg4 Bxe4 18. Bxe4 Rc8 19. Qxg7 Rf8 20.
Bxh6 Nc4 21. Qg3 Rh8 22. Bg7 Rg8 23. Bh7 Rf8 24. Bxf8 Bxf8 25. Rbc1 Bh6 26.
Rc2 d6 27. exd6 Qxd6 28. Qxd6 Nxd6 29. f3 Kd7 30. Ree2 Rh8 31. Bd3 Bf4 32.
g3 Bg5 33. c4 bxc4 34. Bxc4 Rc8 35. Bxa6 Rxc2 36. Rxc2 Be3+ 37. Kg2 Bxd4 38.
Rd2 Nf5 39. g4 Ne3+ 40. Kg3 Nf1+ 41. Bxf1 e5 42. f4 f6 43. fxe5 fxe5 44. g5
Ke6 45. h4 {Black forfeits on time} 1-0

[Event "ICCopen2017"]
[Site "Internet Chess Club"]
[Date "2017.03.26"]
[Round "8"]
[White "alan2015"]
[Black "carpedef"]
[Result "0-1"]
[ICCResult "White checkmated"]
[WhiteElo "1572"]
[BlackElo "1793"]
[Opening "Sicilian: Kan, 5.Nc3"]
[ECO "B43"]
[NIC "SI.41"]
[Time "20:28:36"]
[TimeControl "180+0"]

1. e4 c5 2. Nf3 e6 3. d4 cxd4 4. Nxd4 a6 5. Nc3 Qc7 6. Bd3 Nf6 7. Bd2 b5 8.
O-O Bb7 9. a3 d6 10. f4 Nbd7 11. Qf3 Be7 12. Kh1 Nc5 13. b4 Ncd7 14. a4 bxa4
15. Nxa4 Nb6 16. Nxb6 Qxb6 17. Nb3 d5 18. e5 Ne4 19. Be3 Qc7 20. Na5 Rb8 21.
Nxb7 Qxb7 22. Bxa6 Qxb4 23. Qe2 O-O 24. Bd3 g6 25. Bxe4 Qxe4 26. Qd2 Bb4 27.
c3 Be7 28. Rfe1 Rb7 29. Bc5 Qf5 30. Bxe7 Rxe7 31. Qe2 h5 32. Qf3 Rc7 33. Ra6
Rfc8 34. Rc1 d4 35. c4 d3 36. Ra2 Rxc4 37. Rxc4 Rxc4 38. h3 Qe4 39. Qxe4
Rxe4 40. Rd2 Rd4 41. Rxd3 Rxd3 42. Kh2 Kg7 43. g3 f6 44. Kg1 fxe5 45. Kf2
exf4 46. gxf4 Rxh3 47. Ke2 Ra3 48. Kf2 Ra4 49. Kf3 Kf6 50. Kg3 Kf5 51. Kf3
Rxf4+ 52. Kg3 e5 53. Kh3 e4 54. Kg2 e3 55. Kh2 e2 56. Kg2 e1=Q 57. Kh2 Qe3
58. Kg2 Rf2+ 59. Kh1 Qe1# {White checkmated} 0-1

[Event "ICCopen2017"]
[Site "Internet Chess Club"]
[Date "2017.03.26"]
[Round "8"]
[White "MasterMind"]
[Black "arshavin2015"]
[Result "0-1"]
[ICCResult "White forfeits on time"]
[WhiteElo "1803"]
[BlackElo "1984"]
[Opening "Réti opening"]
[ECO "A04"]
[NIC "QP.11"]
[Time "20:28:53"]
[TimeControl "180+0"]

1. Nf3 g6 2. c4 Bg7 3. e4 d6 4. d4 c5 5. Be3 Qa5+ 6. Nc3 Nf6 7. Qd2 cxd4 8.
Nxd4 Nc6 9. Be2 O-O 10. O-O Nxd4 11. Bxd4 Be6 12. f3 Rfc8 13. b3 Nd7 14.
Bxg7 Kxg7 15. Rfd1 a6 16. Rac1 h5 17. h4 Rab8 18. Nd5 Qxd2 19. Rxd2 Bxd5 20.
Rxd5 b5 21. Rdd1 bxc4 22. Bxc4 a5 23. Rc2 Rc5 24. Rdc1 Rbc8 25. Kf2 Nb6 26.
Bd3 Rxc2+ 27. Rxc2 Rxc2+ 28. Bxc2 Kf6 29. Ke3 e5 30. a3 Ke6 31. Bd3 d5 32.
b4 axb4 33. axb4 f5 34. g3 fxe4 35. fxe4 d4+ 36. Kd2 Na4 37. Kc2 Kd6 38. Kb3
Nc3 39. Kc4 Kc6 40. Bc2 Kd6 41. Kb3 Nb5 42. Kc4 Na3+ 43. Kb3 Nxc2 44. Kxc2
Kc6 {White forfeits on time} 0-1

[Event "ICCopen2017"]
[Site "Internet Chess Club"]
[Date "2017.03.26"]
[Round "8"]
[White "aplusk"]
[Black "arsam"]
[Result "1-0"]
[ICCResult "Black checkmated"]
[WhiteElo "2766"]
[BlackElo "2686"]
[Opening "English, 1...Nf6 (Anglo-Indian defense)"]
[ECO "A15"]
[NIC "EO.64"]
[Time "20:28:57"]
[TimeControl "180+0"]

1. c4 Nf6 2. g3 e5 3. Bg2 c6 4. Nf3 e4 5. Nd4 d5 6. cxd5 Qxd5 7. Nc2 Bd6 8.
Nc3 Qe5 9. d3 exd3 10. Qxd3 Qe7 11. Bg5 Nbd7 12. O-O-O Bc7 13. e4 h6 14.
Bxf6 Nxf6 15. f4 O-O 16. e5 Ng4 17. Qe2 Bb6 18. Rd2 Bf5 19. Be4 Bxe4 20.
Nxe4 Qe6 21. h3 f5 22. Rd6 Qf7 23. hxg4 fxe4 24. Qxe4 Qxa2 25. Rhxh6 Rfd8
26. Qh7+ Kf8 27. Rhe6 Rxd6 28. Qf5+ Kg8 29. Rxd6 Rf8 30. Qe6+ Qxe6 31. Rxe6
Bf2 32. f5 Bxg3 33. Kd2 Bf4+ 34. Kd3 Kf7 35. Ke4 Bc1 36. b4 Re8 37. Rd6 Bb2
38. Rd7+ Re7 39. e6+ Kf6 40. Rd8 Kg5 41. Rd7 Kf6 42. g5+ Kxg5 43. Rxe7 Bf6
44. Rxb7 a5 45. Rc7 axb4 46. Nxb4 c5 47. Rxc5 Be7 48. Rb5 Bf6 49. Nd5 Kg4
50. Nxf6+ gxf6 51. Rb7 Kg5 52. Rf7 Kh4 53. Rxf6 Kg5 54. Rg6+ Kh4 55. e7 Kh3
56. e8=Q Kh4 57. Qh8# {Black checkmated} 1-0

[Event "ICCopen2017"]
[Site "Internet Chess Club"]
[Date "2017.03.26"]
[Round "8"]
[White "Dupinpon"]
[Black "ShadowStorm"]
[Result "1-0"]
[ICCResult "Black checkmated"]
[WhiteElo "1647"]
[BlackElo "1358"]
[Opening "French: advance variation"]
[ECO "C02"]
[NIC "FR.03"]
[Time "20:29:25"]
[TimeControl "180+0"]

1. e4 e6 2. d4 d5 3. e5 Nd7 4. Nf3 f5 5. Bd3 Be7 6. O-O c5 7. c4 cxd4 8.
cxd5 exd5 9. Bxf5 Nb6 10. Nxd4 Bxf5 11. Nxf5 Qd7 12. e6 Qc6 13. Nxg7+ Kd8
14. Nc3 Nf6 15. Bg5 Rg8 16. Bxf6 Bxf6 17. e7+ Bxe7 18. Nf5 Qg6 19. Ng3 h5
20. Nxd5 h4 21. Nf4+ Qd6 22. Qf3 hxg3 23. Rad1 gxh2+ 24. Kh1 Kc7 25. Rxd6
Bxd6 26. Rc1+ Kd7 27. Qxb7+ Ke8 28. Re1+ Kd8 29. Ne6+ Ke8 30. Ng5+ Kd8 31.
Nf7# {Black checkmated} 1-0

[Event "ICCopen2017"]
[Site "Internet Chess Club"]
[Date "2017.03.26"]
[Round "8"]
[White "dhar2603"]
[Black "KH"]
[Result "0-1"]
[ICCResult "White resigns"]
[WhiteElo "1869"]
[BlackElo "2074"]
[Opening "Réti opening"]
[ECO "A04"]
[NIC "QP.11"]
[Time "20:29:27"]
[TimeControl "180+0"]

1. Nf3 h6 2. d4 g5 3. h3 Bg7 4. c4 c5 5. e3 d6 6. Nc3 Nc6 7. Be2 g4 8. hxg4
Bxg4 9. d5 Nb8 10. Nh4 Bxc3+ 11. bxc3 Bd7 12. Bg4 Qa5 13. Bd2 Nf6 14. Bxd7+
Nbxd7 15. Nf5 h5 16. Qb3 b6 17. Ng7+ Kd8 18. Nf5 Rg8 19. Kf1 Ne5 20. f3 Qa6
21. Qb5 Qxb5 22. cxb5 Nxd5 23. Rxh5 Nf6 24. Rh1 Nc4 25. Rd1 Kd7 26. e4 Rh8
27. Rxh8 Rxh8 28. Kf2 e6 29. Ne3 Ne5 30. c4 Kc7 31. Bc3 Nfd7 32. f4 Ng6 33.
Bxh8 Nxh8 34. f5 exf5 35. Nxf5 Nf6 36. Nxd6 Ng6 37. Nxf7 Nxe4+ 38. Ke3 Nf6
39. Rd6 Ng4+ 40. Ke2 Ne7 41. Re6 Nc6 42. Re4 Nf6 43. Re6 Nd4+ 44. Ke3 Nxe6
{White resigns}
0-1

[Event "ICCopen2017"]
[Site "Internet Chess Club"]
[Date "2017.03.26"]
[Round "8"]
[White "OTBB"]
[Black "PITCHUS"]
[Result "0-1"]
[ICCResult "White checkmated"]
[WhiteElo "1602"]
[BlackElo "1737"]
[Opening "Semi-Benoni (`blockade variation')"]
[ECO "A44"]
[NIC "OI.09"]
[Time "20:29:49"]
[TimeControl "180+0"]

1. d4 c5 2. d5 e5 3. e4 d6 4. c4 f5 5. exf5 Bxf5 6. Nc3 Nf6 7. Be2 a6 8. Nf3
Be7 9. O-O O-O 10. Nh4 Bd7 11. Nf3 Bf5 12. Nh4 Qd7 13. Nxf5 Qxf5 14. Be3
Nbd7 15. Rc1 Rab8 16. a4 Nb6 17. Qc2 Qxc2 18. Rxc2 Nfd7 19. f3 Bf6 20. Ne4
Be7 21. a5 Nc8 22. Ra1 h6 23. b3 Nf6 24. Rb2 Nxe4 25. fxe4 Bg5 26. Bxg5 hxg5
27. b4 Rf4 28. Bd3 cxb4 29. Rxb4 b5 30. cxb5 axb5 31. Rab1 Na7 32. a6 Rb6
33. g3 Rf3 34. Be2 Ra3 35. Bxb5 Nxb5 36. Rxb5 Rbxa6 37. Rb8+ Kh7 38. R8b2
Re3 39. Rb4 Ra2 40. Rf1 Ree2 41. Rf7 Rg2+ 42. Kf1 Rxh2 43. Ke1 Ra1+ 44. Rb1
Rxb1# {White checkmated} 0-1

[Event "ICCopen2017"]
[Site "Internet Chess Club"]
[Date "2017.03.26"]
[Round "8"]
[White "institutano"]
[Black "mrneale"]
[Result "0-1"]
[ICCResult "White forfeits on time"]
[WhiteElo "1657"]
[BlackElo "1151"]
[Opening "Bogo-Indian defense"]
[ECO "E11"]
[NIC "QI.01"]
[Time "20:29:57"]
[TimeControl "180+0"]

1. d4 Nf6 2. c4 e6 3. Nf3 Bb4+ 4. Bd2 Bxd2+ 5. Qxd2 O-O 6. Nc3 d5 7. e3 Ne4
8. Qc2 Nxc3 9. Qxc3 c6 10. Bd3 Nd7 11. O-O f5 12. b3 Nf6 13. Ne5 Ne4 14.
Bxe4 fxe4 15. b4 Bd7 16. a4 Be8 17. b5 Bh5 {White forfeits on time} 0-1

[Event "ICCopen2017"]
[Site "Internet Chess Club"]
[Date "2017.03.26"]
[Round "8"]
[White "marabu"]
[Black "uptonjr"]
[Result "1-0"]
[ICCResult "Black forfeits on time"]
[WhiteElo "2118"]
[BlackElo "1771"]
[Opening "King's Indian: Sämisch, orthodox, 7.d5 c6"]
[ECO "E88"]
[NIC "KI.37"]
[Time "20:29:30"]
[TimeControl "180+0"]

1. c4 Nf6 2. Nc3 g6 3. e4 d6 4. f3 Bg7 5. d4 O-O 6. Be3 e5 7. d5 c6 8. Bd3
cxd5 9. cxd5 Nbd7 10. Nge2 b6 11. Rc1 a5 12. Nb5 Nc5 13. Bc4 Ba6 14. O-O Nh5
15. g4 Nf4 16. Nxf4 exf4 17. Bxf4 Bxb5 18. Bxb5 Bxb2 19. Rb1 Qf6 20. Be3 Bc3
21. Bc6 Rab8 22. a3 h5 23. g5 Qe7 24. h4 Be5 25. Kg2 f6 26. Qd2 fxg5 27.
Bxg5 Bf6 28. Bxf6 Qxf6 29. Qg5 Qxg5+ 30. hxg5 Kg7 31. Rb5 Na4 32. Rc1 Rf7
33. Rb3 Nc5 34. Rb5 Rbf8 35. Rc3 Na4 36. Rd3 Rb8 37. e5 dxe5 38. d6 Nc5 39.
Rd5 Nd7 40. Rb3 Kf8 41. Rdb5 Rd8 42. Bxd7 Rfxd7 43. Rxe5 Rxd6 44. Kg3 Kf7
45. Rbe3 R8d7 46. a4 Rd5 47. Re6 Rxg5+ 48. Kh4 Rf5 49. Rxb6 Rd4+ 50. Kg3
Rxa4 51. Rb7+ Kf6 52. Rb2 Kg5 53. Kf2 {Black forfeits on time} 1-0

[Event "ICCopen2017"]
[Site "Internet Chess Club"]
[Date "2017.03.26"]
[Round "8"]
[White "lsokol"]
[Black "uggi"]
[Result "1-0"]
[ICCResult "Black forfeits on time"]
[WhiteElo "2352"]
[BlackElo "1937"]
[Opening "King's Indian: Averbakh system"]
[ECO "E73"]
[NIC "KI.26"]
[Time "20:29:10"]
[TimeControl "180+0"]

1. d4 Nf6 2. c4 g6 3. Nc3 Bg7 4. e4 d6 5. Be2 O-O 6. Bg5 Nbd7 7. Qd2 c5 8.
d5 a6 9. a4 Qb6 10. a5 Qc7 11. h4 h5 12. Nf3 b6 13. axb6 Qxb6 14. O-O Rb8
15. Rfb1 Re8 16. Bh6 Ng4 17. Bxg7 Kxg7 18. Ne1 Ngf6 19. f4 e6 20. Bf3 exd5
21. cxd5 Ng4 22. Bxg4 hxg4 23. f5 c4+ 24. Kh2 Nf6 25. Qf4 Qd4 26. Qxd6 Rb3
27. Nc2 Qd2 28. Rf1 gxf5 29. e5 Nh5 30. e6 fxe6 31. Qe5+ Kg6 32. Nd4 Rxb2
33. Nce2 g3+ 34. Kg1 Qh6 35. dxe6 Ng7 36. Nf4+ Kh7 37. Nxf5 Nxf5 38. Qxf5+
Kg7 39. Qe5+ Kh7 40. Qxb2 Qxh4 41. Nh3 {Black forfeits on time} 1-0